 Dungeon Crawl Stone Soup version 0.28.0-53-g5a82cb258f (webtiles) character file.

Game seed: 3580166884084926916

876 Sin92 the Skirmisher (level 7, -2/84 HPs)
             Began as a Demonspawn Fighter on July 5, 2022.
             Slain by a gnoll
             ... wielding a +0 halberd
              (5 damage)
             ... on level 5 of the Dungeon.
             The game lasted 00:07:49 (5722 turns).

Sin92 the Skirmisher (Demonspawn Fighter)           Turns: 5722, Time: 00:07:49

Health: -2/84      AC: 12    Str: 18    XL:     7   Next: 74%
Magic:  7/7        EV:  9    Int: 14    God:
Gold:   212        SH:  6    Dex: 19    Spells: 6/6 levels left

rFire   . . .      SeeInvis .   o - +1 hand axe (vorpal)
rCold   . . .      Faith    .   c - +0 buckler
rNeg    . . .      Spirit   .   h - +1 scale mail {rPois}
rPois   +          Reflect  .   (no helmet)
rElec   .          Harm     .   (no cloak)
rCorr   +          Rampage  .   l - +0 pair of gloves
Will    .....                   f - +0 pair of boots
Stlth   ..........              (no amulet)
HPRegen 0.24/turn               r - ring of Adiakk {rCorr Int+5 Dex+6}
MPRegen 0.10/turn               (no ring)

@: berserking, very quick
A: claws 1, slimy green scales 1, powered by death 1
a: no special abilities


You were on level 5 of the Dungeon.
You visited 1 branch of the dungeon, and saw 6 of its levels.
You also visited: Sewer.

You collected 212 gold pieces.

Inventory:

Hand Weapons
 a - a +0 war axe
 k - a +0 whip of venom
 o - a +1 vorpal hand axe (weapon)
Armour
 b - a +0 scale mail
 c - a +0 buckler (worn)
 e - a +0 chain mail
 f - a +0 pair of boots (worn)
 h - a +1 scale mail of poison resistance (worn)
 l - a +0 pair of gloves (worn)
Jewellery
 r - the ring of Adiakk (left hand) {rCorr Int+5 Dex+6}
   (You acquired it on level 4 of the Dungeon)

   [ring of dexterity]

   Int:       It affects your intelligence (+5).
   Dex:       It affects your dexterity (+6).
   rCorr:     It protects you from acid and corrosion.
Scrolls
 m - a scroll of teleportation
 n - a scroll of identify
 q - a scroll of fog
Potions
 d - 3 potions of might
 g - 3 potions of lignification
 i - a potion of flight {unknown}
 j - a potion of berserk rage
 p - 2 potions of invisibility {unknown}


   Skills:
 + Level 5.2 Fighting
 + Level 4.3 Axes
 + Level 4.8 Armour
 + Level 4.8 Shields


You had 6 spell levels left.
You didn't know any spells.
Your spell library contained the following spells:

 Spells                   Type           Power      Damage    Failure   Level
 Slow                     Hex            0%         N/A       75%         1
 Ensorcelled Hibernation  Hex/Ice        0%         N/A       86%         2
 Confusing Touch          Hex            0%         N/A       98%         3
 Ignite Poison            Fire/Tmut/Pois 0%         N/A       98%         3
 Mephitic Cloud           Conj/Pois/Air  0%         N/A       98%         3
 Spider Form              Tmut/Pois      0%         N/A       98%         3
 Vampiric Draining        Necr           0%         2d6       98%         3
 Anguish                  Hex/Necr       0%         N/A       100%        4
 Freezing Cloud           Conj/Ice/Air   0%         6-21      100%        5
 Chain Lightning          Conj/Air       0%         N/A       100%        9
 Fire Storm               Conj/Fire      0%         5d1       100%        9
 Shatter                  Erth           0%         3d5*      100%        9


Dungeon Overview and Level Annotations

Branches:
Dungeon (6/15)             Temple (0/1) D:5           Sewer (visited)

Altars:
Ru
Trog
Vehumet

Shops:
D:3 !


Innate Abilities, Weirdness & Mutations

You have sharp fingernails.
You are partially covered in slimy green scales. (AC +2)
You regenerate a little health from kills.


Message History

The gnoll hits you from afar with a +0 halberd.
The gnoll shaman hits you but does no damage.
You block the gnoll's attack.
You slash the gnoll shaman!
You kill the gnoll shaman!
The gnoll closely misses you.
The gnoll hits you but does no damage. x2
The gnoll barely misses you. The gnoll misses you.
Things that are here:
a +0 club; a +0 robe Unknown command.
You hit the gnoll.
The gnoll is moderately wounded.
You hit the gnoll. The gnoll hits you with a +0 halberd!
The gnoll hits you but does no damage. You block the gnoll's attack.
The gnoll hits you but does no damage.
You closely miss the gnoll.
The gnoll is moderately wounded.
You hit the gnoll. The gnoll hits you with a +0 halberd.
* * * LOW HITPOINT WARNING * * *
You block the gnoll's attack.
You hit the gnoll but do no damage.
The gnoll is moderately wounded.
You hit the gnoll but do no damage. The gnoll hits you with a +0 halberd!
* * * LOW HITPOINT WARNING * * *
The gnoll hits you but does no damage. The gnoll closely misses you.
You hit the gnoll.
The gnoll is severely wounded.
You hit the gnoll. You block the gnoll's attack.
The gnoll hits you but does no damage. The gnoll hits you with a +0 halberd.
* * * LOW HITPOINT WARNING * * *
Unknown command.
It was a potion of berserk rage.
A red film seems to cover your vision as you go berserk!
You feel yourself moving faster!
You feel mighty! The gnoll barely misses you.
The gnoll hits you with a +0 vorpal spear.
* * * LOW HITPOINT WARNING * * *
x2 You barely miss the gnoll.
The gnoll is severely wounded.
You closely miss the gnoll. The gnoll hits you with a +0 halberd.
You die...

...........#######'#######..#
##...#..##(.................#
###.##.>######.###..#..###.##
# #.##..######.#..........
#.##......##.#.#########.
#.##......##.#.#
#.##......##.#.#
#.........##.#.#
#####....)##.#@#######
##.#.#.##.gg......#
####....#..###.#####..
##....#.....###)#####
##...#....##...#.#...#
............#......#
##...##..##...#..##......
###)###.######..## ####.
...<.....####?.##


You could see 2 gnolls.

Vanquished Creatures
  2 necrophages
  2 ogres
  A centaur (D:5)
  A bullfrog (Sewer)
  A jelly (D:5)
  An orc priest (D:3)
  A centaur skeleton (D:6)
  A bullfrog skeleton (D:5)
  A gnoll shaman (D:5)
  An orc wizard (D:3)
  A gnoll (D:5)
  9 adders
  2 river rats (D:4)
  2 white imps
  2 ufetubi (D:4)
  A worm (D:2)
  2 dart slugs (D:4)
  4 orcs (D:3)
  7 endoplasms
  6 giant cockroaches
  4 goblins
  8 hobgoblins
  2 jackals (D:3)
  8 quokkas
  5 ball pythons
  2 bats
  11 frilled lizards
  3 kobolds
  5 rats
96 creatures vanquished.

Notes
Turn   | Place    | Note
-------+----------+-------------------------------------------
     0 | D:1      | Sin92 the Demonspawn Fighter began the quest for the Orb.
     0 | D:1      | Reached XP level 1. HP: 18/18 MP: 1/1
   396 | D:1      | Gained mutation: You are partially covered in slimy green
                  | scales. (AC +2) [demonic ancestry]
   396 | D:1      | Reached XP level 2. HP: 24/24 MP: 2/2
  1749 | D:2      | Gained mutation: You regenerate a little health from kills.
                  | [demonic ancestry]
  1749 | D:2      | Reached XP level 3. HP: 17/29 MP: 3/3
  2017 | D:2      | Found a radiant altar of Vehumet.
  2710 | D:3      | Reached XP level 4. HP: 34/35 MP: 4/4
  2781 | D:3      | Found Heetosti's Distillery.
  2931 | D:3      | Found a bloodstained altar of Trog.
  2931 | D:3      | Found a sacrificial altar of Ru.
  3102 | D:3      | Gained mutation: You have sharp fingernails. [demonic
                  | ancestry]
  3102 | D:3      | Reached XP level 5. HP: 37/42 MP: 5/5
  3460 | D:4      | You fall into a shaft and drop 2 floors!
  3474 | D:6      | Reached skill level 4 in Fighting
  3480 | D:6      | Noticed a sky beast
  3482 | D:5      | Entered Level 5 of the Dungeon
  3670 | D:4      | Found a glowing drain.
  3686 | D:4      | Reached XP level 6. HP: 30/48 MP: 6/6
  3692 | Sewer    | Entered a sewer
  4274 | D:4      | Identified a scroll of acquirement
  4274 | D:4      | Acquired the ring of Adiakk {rCorr Int+5 Dex+6}
  4507 | D:4      | HP: 1/49 [ogre/+0 giant club (25)]
  4510 | D:4      | Reached XP level 7. HP: 3/55 MP: 7/7
  5145 | D:5      | HP: 2/55 [ogre/+0 giant club (7)]
  5502 | D:5      | Reached skill level 5 in Fighting
  5658 | D:5      | Found a staircase to the Ecumenical Temple.
  5721 | D:5      | HP: 3/84 [gnoll/+0 vorpal spear (1)]
  5722 | D:5      | Slain by a gnoll

Illustrated notes

Levels and vault maps discovered:
D:1:      dpeg_arrival_solitude, layout_loops_cross, serial_co_window_serial,
          co_window_corner_a, co_window_paths_b, co_window_of_opportunity_a,
          co_window_of_opportunity_a, co_window_paths_a, co_window_paths_b,
          co_window_paths_b, co_window_2corner, co_window_unsneaky_path_b,
          co_window_corner_b, co_window_2corner, co_window_paths_d,
          glass_columns_a, minivault_11, minmay_tetromino_o4
D:2:      minmay_general_purpose_star, layout_loops_cross, basic_altar,
          kennysheep_path_1
D:3:      layout_basic, gammafunk_temple_overflow_wave, serial_shops, shop,
          serial_bayou_pond_e
D:4:      layout_basic, gup_sewer_entry_spiral
D:5:      layout_loops_ring, mainiacjoe_overflow_catwalk,
          minmay_temple_entry_wispy, minmay_door_square, amethyst_killhole,
          dk_noncrumbling_4, kennysheep_generic_room_3
D:6:      layout_basic, chequers_temple_overflow_statue_of_worship

Skill      XL: |  1  2  3  4  5  6  7 |
---------------+----------------------+-----
Axes           | 2 3 4 |  4.3
Armour         | 3 4 |  4.8
Shields        | 3 4 |  4.8
Fighting       | 4 5 |  5.2

Action                   |  1- 3 |  4- 6 |  7- 9 || total
-------------------------+-------+-------+-------++-------
Melee: War axe           |   139 |    44 |       ||   183
       Hand axe          |       |   147 |    47 ||   194
  Use: Scroll            |     2 |     5 |     1 ||     8
       Potion            |       |       |     1 ||     1
Armor: Scale mail        |    79 |    99 |    27 ||   205
       Chain mail        |     9 |       |       ||     9
Dodge: Dodged            |    70 |    80 |    30 ||   180
Block: Buckler           |    35 |    47 |    15 ||    97
